 Dungeon Crawl Stone Soup version 0.27-a0-1065-ge809cff456 (webtiles) character file.

Game seed: 9396913352347226851

32 kae the Ruffian (level 3, -2/28 HPs)
             Began as a Demonspawn Gladiator on Apr 23, 2021.
             Slain by Terence
             ... wielding a +0 falchion of protection
              (9 damage)
             ... on level 3 of the Dungeon.
             The game lasted 00:01:03 (1181 turns).

kae the Ruffian (Demonspawn Gladiator)              Turns: 1181, Time: 00:01:03

Health: -2/28      AC:  4    Str: 15    XL:     3   Next: 10%
Magic:  3/3        EV: 12    Int:  9    God:
Gold:   15         SH:  0    Dex: 14    Spells: 2/2 levels left

rFire    . . .     SeeInvis .     - Unarmed
rCold    . . .     Faith    .   (no shield)
rNeg     . . .     Spirit   .   a - +0 leather armour
rPois    .         Reflect  .   b - +0 helmet
rElec    .         Harm     .   (no cloak)
rCorr    .         Rampage  .   (no gloves)
Will     .....                  (no boots)
Stlth    +.........             (no amulet)
HPRegen  0.09/turn              (no ring)
MPRegen  0.16/turn              (no ring)

@: no status effects
A: powered by pain 1, magic regeneration
a: no special abilities


You were on level 3 of the Dungeon.
You visited 1 branch of the dungeon, and saw 3 of its levels.

You collected 15 gold pieces.

Inventory:

Missiles
 c - 2 throwing nets (quivered)
Armour
 a - a +0 leather armour (worn)
 b - a +0 helmet (worn)
Jewellery
 k - an amulet of reflection
Potions
 d - a potion of flight {unknown}
 e - 2 potions of lignification {unknown}
 f - a potion of curing {unknown}
 g - a potion of ambrosia {unknown}
 l - a potion of degeneration {unknown}
 m - a potion of attraction {unknown}


   Skills:
 + Level 2.4 Fighting
 - Level 1.7 Throwing
 + Level 3.0 Dodging
 * Level 3.3 Unarmed Combat


You had 2 spell levels left.
You didn't know any spells.
Your spell library contained the following spells:

 Spells                   Type           Power      Damage    Failure   Level
 Animate Skeleton         Necr           0%         N/A       45%         1
 Pain                     Necr           0%         1d4       45%         1
 Vampiric Draining        Necr           0%         2d6       83%         3
 Animate Dead             Necr           0%         N/A       99%         4
 Agony                    Necr           0%         N/A       100%        5


Dungeon Overview and Level Annotations

Branches:
Dungeon (2/15)

Altars:

Annotations:
D:3 Terence


Innate Abilities, Weirdness & Mutations

You sometimes gain a little power by taking damage.
You regenerate magic rapidly.


Message History

Terence struggles against the net.
The net rips apart, and Terence comes free!
You hit Terence but do no damage.
Terence is lightly wounded.
Terence barely misses you.
You hit Terence but do no damage.
Terence is lightly wounded.
Terence closely misses you.
You hit Terence but do no damage.
Terence is lightly wounded.
Terence barely misses you.
You hit Terence but do no damage.
Terence is lightly wounded.
Terence closely misses you.
You punch Terence! You punch Terence, but do no damage.
Terence is heavily wounded.
Terence misses you.
You hit Terence but do no damage.
Terence is heavily wounded.
You hit Terence but do no damage.
Terence is heavily wounded.
Terence hits you with a +0 falchion of protection!
You hit Terence but do no damage.
Terence is heavily wounded.
Terence says, "Rest in peace."
Terence misses you.
You hit Terence but do no damage.
Terence is heavily wounded.
Terence hits you with a +0 falchion of protection.
You barely miss Terence.
Terence is heavily wounded.
Terence hits you but does no damage.
You hit Terence.
Terence is heavily wounded.
Terence hits you with a +0 falchion of protection!
* * * LOW HITPOINT WARNING * * *
You hit Terence but do no damage.
Terence is heavily wounded.
Terence hits you with a +0 falchion of protection!
You die...

#.#.#########.#
#.#.########*,* *
#...........*,* *
###.#######.*,* * #.#
*,*,* * #.# *,*,* *
#.# *,*,*
*******############.#
*,*,*
,,,,,,,........@@...#
*,*,**
*******##############
*,*,,* *,**,* *,**,*
*,,,,* ******


You could see Terence.

Vanquished Creatures
  A dart slug (D:1)
  5 endoplasms
  2 goblins
  3 hobgoblins
  2 quokkas
  4 ball pythons
  4 bats (D:1)
  6 frilled lizards
  2 kobolds (D:2)
  3 rats
32 creatures vanquished.

Notes
Turn   | Place    | Note
-------+----------+-------------------------------------------
     0 | D:1      | kae the Demonspawn Gladiator began the quest for the Orb.
     0 | D:1      | Reached XP level 1. HP: 16/16 MP: 1/1
   119 | D:1      | Gained mutation: You regenerate magic rapidly. [demonic
                  | ancestry]
   119 | D:1      | Reached XP level 2. HP: 22/22 MP: 2/2
   469 | D:1      | Found a faded altar of an unknown god.
   931 | D:2      | You fall into a shaft and drop 1 floor!
   936 | D:3      | Gained mutation: You sometimes gain a little power by
                  | taking damage. [demonic ancestry]
   936 | D:3      | Reached XP level 3. HP: 28/28 MP: 3/3
  1158 | D:3      | Noticed Terence
  1181 | D:3      | Slain by Terence

Illustrated notes

Levels and vault maps discovered:
D:1:      nzn_arrival_settlement, layout_rooms,
          shapermc_ecumenical_altar_totnotflames, chequers_serial_rivers_room_b
D:2:      layout_rooms, chequers_serial_rivers_small_b
D:3:      layout_basic, lemuel_coloured_pillars_altar, fedhas_altar_3,
          dk_noncrumbling_3, uniq_terence

Skill      XL: |  1  2 |
---------------+-------+-----
Unarmed Combat | 3 |  3.3
Dodging        | 3 |  3.0
Fighting       | |  2.4
Throwing       | |  1.7

Action                   || total
-------------------------++-------
Melee: Unarmed           ||   121
       Punch             ||     1
Throw: Throwing net      ||     1
  Use: Scroll            ||     3
Armor: Leather armour    ||    31
Dodge: Dodged            ||    65

Table legend: (Time is in decaauts)
 A = Elapsed time spent in this place.
 B = Non-inter-level travel time spent in this place.
 C = Inter-level travel time spent in this place.
 D = Time resting spent in this place.
 E = Time spent auto-exploring this place.
 F = Levels seen in this place.
 G = Mean time per level.
                   A        B        C        D        E       F      G
               +--------+--------+--------+--------+--------+-----+--------+
         Total |   1176 |   1161 |     15 |      0 |    938 |   3 |  392.0 |
       Dungeon |   1176 |   1161 |     15 |      0 |    938 |   3 |  392.0 |
               +--------+--------+--------+--------+--------+-----+--------+

Top non-repeatable levels by time:
     D:1: 772 daAuts
     D:3: 247 daAuts
     D:2: 157 daAuts
